 Dungeon Crawl Stone Soup version 0.23-a0-814-g91b4073 (webtiles) character file.

133 galech the Skirmisher (level 4, -3/37 HPs)
             Began as a Demonspawn Fighter on Jan 21, 2019.
             Slain by Sigmund
             ... wielding a +0 scythe
              (8 damage)
             ... on level 2 of the Dungeon.
             The game lasted 00:01:58 (2144 turns).

galech the Skirmisher (Demonspawn Fighter)          Turns: 2144, Time: 00:01:58

Health: -3/37      AC:  8    Str: 21    XL:     4   Next: 94%
Magic:  4/4        EV:  5    Int: 10    God:
Gold:   61         SH: 14    Dex: 13    Spells: 3/3 levels left

rFire    . . .     SeeInvis .   a - +0 war axe
rCold    . . .     Gourm    .   m - +0 large shield
rNeg     . . .     Faith    .   b - +0 scale mail
rPois    .         Spirit   .   (no helmet)
rElec    .         Reflect  .   (no cloak)
rCorr    .         Harm     .   j - +0 pair of gloves
MR       .....                  (no boots)
Stlth    ..........             k - amulet of the acrobat
HPRegen  0.12/turn              (no ring)
MPRegen  0.09/turn              (no ring)

@: mighty
A: powered by pain 1
a: no special abilities


You were on level 2 of the Dungeon.
You were not hungry.

You visited 1 branch of the dungeon, and saw 2 of its levels.

You collected 61 gold pieces.

Inventory:

Hand Weapons
 a - a +0 war axe (weapon)
Armour
 b - a +0 scale mail (worn)
 c - a +0 shield
 j - a +0 pair of gloves (worn)
 m - a +0 large shield (worn)
Jewellery
 k - an amulet of the acrobat (around neck)
Scrolls
 e - 2 scrolls of amnesia {unknown}
 i - 2 scrolls of identify {unknown}
 l - a scroll of enchant weapon {unknown}
Potions
 h - a potion of berserk rage {unknown}
Comestibles
 f - a ration


   Skills:
 + Level 3.9 Fighting
 + Level 3.0 Axes
 + Level 3.3 Armour
 + Level 0.2 Dodging
 + Level 0.1 Stealth
 + Level 3.1 Shields


You had 3 spell levels left.
You didn't know any spells.
Your spell library was empty.

Dungeon Overview and Level Annotations

Branches:
Dungeon (2/15)

Altars:
Zin

Shops:
D:2 *

Annotations:
D:2 Sigmund


Innate Abilities, Weirdness & Mutations

You sometimes gain a little power by taking damage.


Message History

You bump into the rock wall.
Something hits you but does no damage.
Your shield prevents you from hitting something.
You hear some strange, mumbled words.
You are more confused.
You closely miss something. Something hits you but does no damage.
Something hits you but does no damage.
You see here a +0 dagger.
You bump into the rock wall.
You bump into the rock wall.
Something hits you!
All of the chunks of flesh in your inventory have rotted away.
You bump into the rock wall.
Something hits you.
You're too confused to move!
You bump into the rock wall.
Something hits you!
* * * LOW HITPOINT WARNING * * *
You bump into the rock wall.
You feel less confused. You block something's attack.
You miss something. You block something's attack.
You slash something! Something hits you!
You die...

.. #.. .. #.. . .###.# #
...># # ...# # ..# # #.
#.# # ##...###)####..#
#######
<.....{@................
########.########..#####
#.########..# #
#.......##..# #
#######.##..# # #.##..#
# ##.##..#####
##...#รท......
#.....#.#####


There were no monsters in sight!

Vanquished Creatures
  4 gnolls (D:1)
  5 adders (D:2)
  A worm (D:2)
  2 dart slugs
  A leopard gecko (D:2)
  3 goblins (D:2)
  4 hobgoblins
  12 jackals
  3 kobolds
  A ball python (D:2)
  4 bats
  A frilled lizard (D:2)
  2 rats (D:1)
43 creatures vanquished.

Notes
Turn   | Place    | Note
-------+----------+-------------------------------------------
     0 | D:1      | galech the Demonspawn Fighter began the quest for the Orb.
     0 | D:1      | Reached XP level 1. HP: 18/18 MP: 1/1
   103 | D:1      | Gained mutation: You sometimes gain a little power by
                  | taking damage. [demonic ancestry]
   103 | D:1      | Reached XP level 2. HP: 17/24 MP: 2/2
   527 | D:1      | Reached XP level 3. HP: 6/29 MP: 3/3
   528 | D:1      | HP: 1/29 [gnoll/+0 flail (5)]
  1112 | D:2      | Reached XP level 4. HP: 30/37 MP: 4/4
  1348 | D:2      | Found Zin's Purification Station.
  1356 | D:2      | Found a glowing silver altar of Zin.
  2122 | D:2      | Noticed Sigmund
  2144 | D:2      | Slain by Sigmund

Vault maps used:
D:1:      minmay_arrival_diagonal_passages
D:2:      zin_purify, uniq_sigmund

Skill      XL: |  1  2  3  4 |
---------------+-------------+-----
Axes           | 2 3 |  3.0
Armour         | 3 |  3.3
Shields        | 3 |  3.1
Fighting       | |  3.9
Dodging        | |  0.2
Stealth        | |  0.1

Action                   |  1- 3 |  4- 6 || total
-------------------------+-------+-------++-------
Melee: War axe           |    65 |    96 ||   161
  Use: Potion            |       |     1 ||     1
  Eat: Chunk             |     1 |     3 ||     4
Armor: Scale mail        |    41 |    51 ||    92
Dodge: Dodged            |    32 |    26 ||    58
Block: Shield            |    37 |    36 ||    73
       Large shield      |       |    16 ||    16

Table legend:
 A = Non-vault XP
 B = Vault XP
 C = Vault XP percentage of total XP
 D = Non-vault monster count
 E = Vault monster count
 F = Vault count percentage of total count
                 A         B        C        D         E       F
            +---------+---------+-------+---------+---------+-------
      Total |     191 |       0 |   0.0 |      43 |       0 |   0.0
            +---------+---------+-------+---------+---------+-------
        D:1 |      88 |       0 |   0.0 |      21 |       0 |   0.0
        D:2 |     103 |       0 |   0.0 |      22 |       0 |   0.0
            +---------+---------+-------+---------+---------+-------
